 Dungeon Crawl Stone Soup version 0.28-a0-1477-g273aa18710 (webtiles) character file.

Game seed: 9188046751385673468

31 GordonOverkill the Vexing (level 3, 0/27 HPs)
             Began as a Barachi Arcane Marksman on Jan 11, 2022.
             Slain by a gnoll (7 damage)
             ... on level 1 of the Dungeon.
             The game lasted 00:05:10 (2752 turns).

GordonOverkill the Vexing (Barachi Arcane Marksman) Turns: 2752, Time: 00:05:11

Health: 0/27       AC:  7    Str: 13    XL:     3   Next: 22%
Magic:  4/4        EV: 10    Int: 13    God:
Gold:   93         SH:  0    Dex: 12    Spells: 3/4 levels left

rFire   . . .      SeeInvis .     - Unarmed
rCold   . . .      Faith    .   (no shield)
rNeg    . . .      Spirit   .   n - +0 ring mail
rPois   .          Reflect  .   l - +1 helmet
rElec   .          Harm     .   (no cloak)
rCorr   .          Rampage  .   (no gloves)
Will    .....                   (no boots)
Stlth   +.........              (no amulet)
HPRegen 0.09/turn               (no ring)
MPRegen 0.09/turn               (no ring)

@: slow
A: amphibious, slowness 1, strong legs 1, +LOS
a: Hop


You were on level 1 of the Dungeon.
You visited 1 branch of the dungeon, and saw 2 of its levels.

You collected 93 gold pieces.

Inventory:

Missiles
 b - 5 javelins (quivered)
 c - 2 throwing nets
Armour
 l - a +1 helmet (worn)
 n - a +0 ring mail (worn)
Scrolls
 d - a scroll of noise
 o - 3 scrolls of immolation {unknown}
Potions
 a - 2 potions of heal wounds {unknown}
 e - a potion of ambrosia
 g - a potion of curing {unknown}


   Skills:
 + Level 2.2 Fighting
 - Level 2.0 Throwing
 + Level 0.0 Armour
 - Level 2.1 Dodging
 * Level 2.4 Unarmed Combat
 - Level 1.1 Spellcasting
 - Level 3.2 Hexes


You had 3 spell levels left.
You knew the following spells:

 Your Spells              Type           Power      Damage    Failure   Level
a - Slow                  Hex            36%        N/A       16%         1

Your spell library contained the following spells:

 Spells                   Type           Power      Damage    Failure   Level
 Inner Flame              Hex/Fire       4%         N/A       67%         3
 Portal Projectile        Hex/Tloc       8%         N/A       67%         3
 Cause Fear               Hex            4%         N/A       85%         4


Dungeon Overview and Level Annotations

Branches:
Dungeon (2/15)

Altars:


Innate Abilities, Weirdness & Mutations

You are amphibious.
You cover ground slowly.
You can hop short distances.
You have an extended range of vision and can be seen from far away.


Message History

Your +0 helmet glows green for a moment.
As you read the scroll labelled PUHUGUN ANAHEU, it crumbles to dust.
You speak a Word of immense power!
It was a scroll of holy word.
As you read the scroll labelled QEPTYT ILITYV, it crumbles to dust.
It is a scroll of identify.
e - a potion of ambrosia The gnoll barely misses you.
You climb upwards.
There is a stone staircase leading down here.
You barely miss the gnoll. The gnoll barely misses you.
You barely miss the gnoll. The gnoll hits you but does no damage.
You closely miss the gnoll. You hit the gnoll.
The gnoll is lightly wounded.
The gnoll hits you but does no damage.
You hit the gnoll.
The gnoll is moderately wounded.
The gnoll barely misses you.
You hit the gnoll but do no damage.
The gnoll is moderately wounded.
The gnoll hits you with a +0 whip.
* * * LOW HITPOINT WARNING * * *
You hit the gnoll.
The gnoll is severely wounded.
The gnoll hits you but does no damage.
You hit the gnoll.
The gnoll is severely wounded.
The gnoll completely misses you.
You hit the gnoll but do no damage.
The gnoll is severely wounded.
The gnoll hits you with a +0 whip.
* * * LOW HITPOINT WARNING * * *
You hit the gnoll. You punch the gnoll, but do no damage.
The gnoll is almost dead.
The gnoll hits you with a +0 whip.
* * * LOW HITPOINT WARNING * * *
You hit the gnoll but do no damage.
The gnoll is almost dead.
The gnoll hits you with a +0 whip!
You die...

## ############# #.
#g@.........# #.
#.#########.# #. #.# #.# #.
#.# #.# #. #.## #.# ####.
#### #..# #.###.##.
...######### ##.# #....#...
.#.........# #.#
########.###.#
...#######.#####.###.......##
##.


You could see a gnoll.

Vanquished Creatures
  A dart slug (D:1)
  4 endoplasms
  A giant cockroach (D:1)
  4 goblins
  A hobgoblin (D:1)
  3 quokkas (D:1)
  3 ball pythons (D:1)
  2 bats
  A frilled lizard (D:1)
  4 kobolds (D:1)
  4 rats
28 creatures vanquished.

Notes
Turn   | Place    | Note
-------+----------+-------------------------------------------
     0 | D:1      | GordonOverkill the Barachi Arcane Marksman began the quest
                  | for the Orb.
     0 | D:1      | Reached XP level 1. HP: 15/15 MP: 2/2
   311 | D:1      | Reached skill level 1 in Unarmed Combat
   654 | D:1      | Reached XP level 2. HP: 9/22 MP: 3/3
  1669 | D:1      | Reached XP level 3. HP: 13/27 MP: 4/4
  2752 | D:1      | Slain by a gnoll

Illustrated notes

Levels and vault maps discovered:
D:1:      evilmike_arrival_come_back, layout_loops_ring,
          hangedman_decor_diamond_cutter
D:2:      layout_loops_ring

Skill      XL: |  1  2 |
---------------+-------+-----
Unarmed Combat | 1 2 |  2.4
Fighting       | 2 |  2.2
Throwing       | |  2.0
Dodging        | |  2.1
Spellcasting   | |  1.1
Hexes          | |  3.2

Action                   || total
-------------------------++-------
Melee: Unarmed           ||   165
       Punch             ||     4
 Abil: Hop               ||     1
  Use: Potion            ||     1
       Scroll            ||     7
 Stab: Sleeping          ||     2
Armor: Robe              ||    17
       Ring mail         ||     9
Dodge: Dodged            ||    87

Table legend: (Time is in decaauts)
 A = Elapsed time spent in this place.
 B = Non-inter-level travel time spent in this place.
 C = Inter-level travel time spent in this place.
 D = Time resting spent in this place.
 E = Time spent auto-exploring this place.
 F = Levels seen in this place.
 G = Mean time per level.
                   A        B        C        D        E       F      G
               +--------+--------+--------+--------+--------+-----+--------+
         Total |   2994 |   2948 |     46 |   1271 |   1169 |   2 | 1497.0 |
       Dungeon |   2994 |   2948 |     46 |   1271 |   1169 |   2 | 1497.0 |
               +--------+--------+--------+--------+--------+-----+--------+

Top non-repeatable levels by time:
     D:1: 2219 daAuts
     D:2: 774 daAuts
